 Dungeon Crawl Stone Soup version 0.30.0-29-ga12c61a403 (webtiles) character file.

Game seed: 8704955786638302597

1280 AIAndy the Charlatan (level 8, -5/62 HPs)
             Began as a Gnoll Wanderer on June 25, 2023.
             Was a Follower of Ashenzari.
             Killed by nerve-wracking pain
             ... invoked by a shadow imp
              (12 damage)
             ... on level 7 of the Dungeon.
             The game lasted 00:27:02 (4805 turns).

AIAndy the Charlatan (Gnoll Wanderer)               Turns: 4805, Time: 00:27:03

Health: -5/62      AC:  5    Str: 21    XL:     8   Next: 54%
Magic:  10/15      EV: 13    Int: 15    God:    Ashenzari [*.....]
Gold:   176        SH:  0    Dex: 13    Spells: 11/17 levels left

rFire   . . .        e - +0 sling of the Elysian Seer {Elem, Melee} (curse)
rCold   . . .        (no shield)
rNeg    . . .        j - +0 robe
rPois   .            (no helmet)
rElec   .            (no cloak)
rCorr   .            (no gloves)
SInv    .            q - +2 pair of boots "Share My Adversity" {Fort, Self} (curse)
Will    .....        (no amulet)
Stlth   +++          l - +6 ring of strength
HPRegen 0.30/turn    t - +6 ring of strength
MPRegen 0.14/turn

%: no passive effects
@: lethally poisoned (-5 -> -8)
A: fangs 1, strong nose, distributed training
a: Renounce Religion, Curse Item, Shatter the Chains


You were on level 7 of the Dungeon.
You worshipped Ashenzari.
Ashenzari was aware of your devotion.
You visited 2 branches of the dungeon, and saw 7 of its levels.

You collected 176 gold pieces.

Inventory:

Hand Weapons
 a - a +0 dagger
 e - the cursed +0 sling of the Elysian Seer (weapon) {Elem, Melee}
   (You found it on level 1 of the Dungeon)

   It has a curse which improves the following skills: Elements: Fire Magic, Ice
   Magic, Air Magic and Earth Magic.
   Melee Combat: Short Blades, Long Blades, Axes, Maces & Flails, Polearms,
   Staves and Unarmed Combat.
 p - a +1 war axe of venom
Armour
 j - a +0 robe (worn)
 q - the cursed +2 pair of boots "Share My Adversity" (worn) {Fort, Self}
   (You found it on level 5 of the Dungeon)

   It has a curse which improves the following skills: Fortitude: Armour and
   Shields.
   Introspection: Fighting and Spellcasting.
Jewellery
 l - a +6 ring of strength (left hand)
 t - a +6 ring of strength (right hand)
Wands
 m - a wand of light (9)
 o - a wand of roots (8)
Scrolls
 b - 2 scrolls of fear
 f - a scroll of fog
 h - a scroll of amnesia
 n - 3 scrolls of enchant weapon
 u - a scroll of teleportation
Potions
 c - a potion of haste
 g - a potion of flight
 i - 2 potions of curing
 k - a potion of brilliance
 r - a potion of ambrosia
Miscellaneous
 d - a box of beasts


   Skills:
 + Level 4.4(5.1) Fighting
 + Level 3.5(4.2) Short Blades
 + Level 3.5(4.2) Long Blades
 + Level 3.5(4.2) Axes
 + Level 3.5(4.2) Maces & Flails
 + Level 3.5(4.2) Polearms
 + Level 3.5(4.2) Staves
 + Level 3.5 Ranged Weapons
 + Level 3.5 Throwing
 + Level 4.4(5.1) Armour
 + Level 4.4 Dodging
 + Level 4.2 Stealth
 + Level 3.5(4.2) Shields
 + Level 3.5(4.2) Unarmed Combat
 + Level 4.5(5.3) Spellcasting
 + Level 2.8 Conjurations
 + Level 2.8 Hexes
 + Level 2.8 Summonings
 + Level 2.8 Necromancy
 + Level 2.8 Translocations
 + Level 2.8 Transmutations
 + Level 2.8(3.5) Fire Magic
 + Level 4.8(5.6) Ice Magic
 + Level 2.8(3.5) Air Magic
 + Level 2.8(3.5) Earth Magic
 + Level 2.8 Poison Magic
 + Level 3.8 Invocations
 + Level 7.5 Evocations


You had 11 spell levels left.
You knew the following spells:

 Your Spells              Type           Power      Damage    Failure   Level
a - Freeze                Ice            80%        1d9       1%          1
b - Blink                 Tloc           24%        N/A       8%          2
c - Frozen Ramparts       Ice            40%        1d7       4%          3

Your spell library contained the following spells:

 Spells                   Type           Power      Damage    Failure   Level
 Ensorcelled Hibernation  Hex/Ice        32%        N/A       4%          2
 Passwall                 Tmut/Erth      10%        N/A       6%          2
 Swiftness                Air            14%        N/A       11%         3
 Ignite Poison            Fire/Tmut/Pois 13%        N/A       13%         3
 Sticky Flame             Conj/Fire      13%        2d4       38%         4
 Manifold Assault         Tloc           12%        N/A       43%         4
 Storm Form               Tmut/Air       6%         N/A       100%        7
 Ignition                 Fire           7%         3d4       100%        8


Dungeon Overview and Level Annotations

Branches:
Dungeon (7/15)             Temple (1/1) D:5

Altars:
Ashenzari
Cheibriados
Dithmenos
Fedhas
Gozag
Hepliaklqana
Kikubaaqudgha
Makhleb
Nemelex Xobeh
Qazlal
Ru
Sif Muna
Trog
Uskayaw
Vehumet
Wu Jian
Yredelemnul
Zin
The Shining One


Innate Abilities, Weirdness & Mutations

You have very sharp teeth.
Your uncanny sense of smell can sniff out nearby items.
Your experience applies equally to all skills.


Message History

The killer bee stings you.
* * * LOW HITPOINT WARNING * * *
You feel better.
The wall freezes the killer bee.
The killer bee barely misses you.
The wall freezes the killer bee.
The killer bee stings you.
* * * LOW HITPOINT WARNING * * *
The wall freezes the killer bee.
The killer bee stings you!
* * * LOW HITPOINT WARNING * * *
The wall freezes the killer bee.
The killer bee stings you.
* * * LOW HITPOINT WARNING * * *
You feel much better.
The wall freezes the killer bee.
The killer bee stings you.
The wall freezes the killer bee.
The killer bee stings you.
* * * LOW HITPOINT WARNING * * *
You are poisoned.
The killer bee poisons you!
The shadow imp completely resists.
The wall freezes the shadow imp but does no damage.
The wall freezes the killer bee but does no damage.
The killer bee misses you.
The wall freezes the killer bee but does no damage.
The killer bee completely misses you.
Casting: Freeze (safe; 1% risk of failure)
Confirm with . or Enter, or press ? or * to list all spells.
Aiming: Freeze (safe; 1% risk of failure)
Press: ? - help, Shift-Dir - straight line, f - killer bee
Aim: a killer bee (almost dead)
You freeze the killer bee.
You kill the killer bee!
You feel sick.
The wall freezes the killer bee.
The killer bee stings you.
* * * LOW HITPOINT WARNING * * *
The wall freezes the killer bee.
You kill the killer bee!
You open the door.
The frozen ramparts melt away.
You feel sick. The shadow imp closely misses you.
The shadow imp attacks as you move away!
The shadow imp misses you.
You feel sick.
The shadow imp shouts, "Beg for mercy, thou mammering swag-bellied jarkman!"
The shadow imp gestures at you. Pain shoots through your body!
You die...

..............# #........
...........)..# #........
.:............+ .#........
..............# ..#........
..............#....#..##..##
##..##....#####....#..######
#. #...)##.....####'##..# #
#...5.#.....#....#...#
#...†.@.....#....#...#
#...###.....###..###'##
####...#....######..##....
........'....#........#....
........#....#........'.)..
........#....#........#....
#..###+##....##########....
#.. ###..............## ..
#..............#.


You could see a shadow imp.

Vanquished Creatures
  A water moccasin (D:6)
  Pargi (D:4)
  A black bear (D:4)
  2 ogres (D:4)
  A scorpion (D:7)
  3 killer bees (D:7)
  A howler monkey (D:7)
  A hound (D:4)
  2 jellies (D:5)
  An orc priest (D:5)
  A gnoll bouda (D:6)
  2 sleepcaps
  7 iguanas
  2 orc wizards
  3 gnolls (D:6)
  7 adders
  2 white imps (D:6)
  2 worms
  3 dart slugs
  13 orcs
  4 bats (D:1)
  4 endoplasms
  4 goblins
  6 hobgoblins
  2 quokkas
  6 ball pythons
  2 frilled lizards (D:2)
  A kobold (D:4)
  3 rats (D:1)
88 creatures vanquished.

Notes
Turn   | Place    | Note
-------+----------+-------------------------------------------
     0 | D:1      | AIAndy the Gnoll Wanderer began the quest for the Orb.
     0 | D:1      | AIAndy set off with the following items: a +0 dagger, a +0
                  | scale mail, a potion of haste, a box of beasts; and the
                  | following spell memorised: Freeze; and the following spells
                  | available to memorise: Frozen Ramparts.
     0 | D:1      | Reached XP level 1. HP: 17/17 MP: 4/4
   114 | D:1      | Reached XP level 2. HP: 23/23 MP: 5/5
   517 | D:1      | Learned a level 2 spell: Blink
   642 | D:2      | Reached XP level 3. HP: 28/28 MP: 7/7
   863 | D:2      | You fall into a shaft and drop 2 floors!
   886 | D:4      | Reached skill level 1 in Invocations
   892 | D:4      | Noticed an ogre
   901 | D:4      | Killed an ogre
   902 | D:4      | Reached skill level 1 in Short Blades
   902 | D:4      | Reached skill level 1 in Long Blades
   902 | D:4      | Reached skill level 1 in Axes
   902 | D:4      | Reached skill level 1 in Maces & Flails
   902 | D:4      | Reached skill level 1 in Polearms
   902 | D:4      | Reached skill level 1 in Staves
   902 | D:4      | Reached skill level 1 in Ranged Weapons
   902 | D:4      | Reached skill level 1 in Throwing
   902 | D:4      | Reached skill level 1 in Shields
   902 | D:4      | Reached skill level 1 in Unarmed Combat
   902 | D:4      | Reached skill level 1 in Conjurations
   902 | D:4      | Reached skill level 1 in Hexes
   902 | D:4      | Reached skill level 1 in Summonings
   902 | D:4      | Reached skill level 1 in Necromancy
   902 | D:4      | Reached skill level 1 in Translocations
   902 | D:4      | Reached skill level 1 in Transmutations
   902 | D:4      | Reached skill level 1 in Fire Magic
   902 | D:4      | Reached skill level 1 in Air Magic
   902 | D:4      | Reached skill level 1 in Earth Magic
   902 | D:4      | Reached skill level 1 in Poison Magic
   902 | D:4      | Reached XP level 4. HP: 34/34 MP: 1/8
   902 | D:4      | Reached XP level 5. HP: 40/40 MP: 1/9
   906 | D:4      | Learned a level 3 spell: Frozen Ramparts
  1115 | D:4      | Noticed an ogre
  1123 | D:4      | Killed an ogre
  1124 | D:4      | Reached XP level 6. HP: 7/47 MP: 5/11
  1285 | D:4      | Noticed a black bear
  1300 | D:4      | Killed a black bear
  1558 | D:4      | Found a burning altar of Makhleb.
  1651 | D:4      | Noticed Pargi
  1675 | D:4      | Killed Pargi
  1676 | D:4      | Reached skill level 7 in Evocations
  1676 | D:4      | Reached XP level 7. HP: 45/52 MP: 4/12
  1838 | D:5      | Entered Level 5 of the Dungeon
  1867 | D:5      | Found a staircase to the Ecumenical Temple.
  1885 | Temple   | Entered the Ecumenical Temple
  1924 | Temple   | Became a worshipper of Ashenzari the Shackled
  3612 | D:6      | Reached XP level 8. HP: 49/60 MP: 6/14
  3866 | D:6      | Reached * piety under Ashenzari
  3918 | D:6      | Found a radiant altar of Vehumet.
  4413 | D:7      | Identified the +1 ring mail of Indomitability {-Tele
                  | Rampage MP-9 SInv}
  4486 | D:7      | Found a basalt altar of Yredelemnul.
  4805 | D:7      | Killed from afar by a shadow imp

Illustrated notes

Levels and vault maps discovered:
D:1:      onia_arrival_mini_spirals, layout_rooms, item_on_display_a
D:2:      layout_basic, kennysheep_pointless_box, kennysheep_nondescript,
          chequers_decorated_corner, minmay_indecisive_spiral
D:4:      layout_basic, makhleb_heckhound_becter, grunt_ministairs_14,
          uniq_pargi
D:5:      minmay_skewed_foursquare, layout_gridville, minmay_temple_entry_wispy
D:6:      layout_rooms, mainiacjoe_overflow_boulevard
D:7:      layout_gridville, yredelemnul_altar_generic
Temple:   eino_temple_scatter_basement

Skill      XL: |  1  2  3  4  5  6  7  8 |
---------------+-------------------------+-----
Invocations    | 1 2 3 |  3.8
Short Blades   | 1 2 3 |  3.5
Long Blades    | 1 2 3 |  3.5
Axes           | 1 2 3 |  3.5
Maces & Flails | 1 2 3 |  3.5
Polearms       | 1 2 3 |  3.5
Staves         | 1 2 3 |  3.5
Ranged Weapons | 1 2 3 |  3.5
Throwing       | 1 2 3 |  3.5
Shields        | 1 2 3 |  3.5
Unarmed Combat | 1 2 3 |  3.5
Spellcasting   | 3 4 |  4.5
Conjurations   | 1 2 |  2.8
Hexes          | 1 2 |  2.8
Summonings     | 1 2 |  2.8
Necromancy     | 1 2 |  2.8
Translocations | 1 2 |  2.8
Transmutations | 1 2 |  2.8
Fire Magic     | 1 2 |  2.8
Air Magic      | 1 2 |  2.8
Earth Magic    | 1 2 |  2.8
Poison Magic   | 1 2 |  2.8
Fighting       | 3 4 |  4.4
Armour         | 3 4 |  4.4
Dodging        | 3 4 |  4.4
Stealth        | 3 4 |  4.2
Ice Magic      | 4 |  4.8
Evocations     | 7 |  7.5

Action                     |  1- 3 |  4- 6 |  7- 9 || total
---------------------------+-------+-------+-------++-------
  Melee: Dagger            |     1 |       |       ||     1
         Sling             |       |       |     4 ||     4
   Fire: Sling             |    57 |    35 |   130 ||   222
   Cast: Freeze            |    24 |    26 |    72 ||   122
         Frozen Ramparts   |       |     2 |    19 ||    21
 Invoke: Curse Item        |       |       |     2 ||     2
    Use: Scroll            |       |       |     7 ||     7
         Potion            |       |       |     2 ||     2
 Armour: Scale mail        |     2 |       |       ||     2
         Robe              |     1 |     3 |    23 ||    27
  Dodge: Dodged            |    10 |    14 |    53 ||    77
